 Dungeon Crawl Stone Soup version 0.28-a0-863-g8cecda6153 (webtiles) character file.

Game seed: 8719693011093537704

8478 wakim the Basher (level 11, -1/93 HPs)
             Began as a Palentonga Fighter on Nov 19, 2021.
             Was a High Priest of Okawaru.
             Slain by a freezing wraith (14 damage)
             ... on level 9 of the Dungeon.
             The game lasted 00:24:30 (11341 turns).

wakim the Basher (Palentonga Fighter)              Turns: 11341, Time: 00:24:30

Health: -1/93      AC: 26    Str: 20    XL:     11   Next: 10%
Magic:  0/24       EV: 10    Int: 14    God:    Okawaru [*****.]
Gold:   276        SH:  6    Dex: 11    Spells: 10/10 levels left

rFire   . . .      SeeInvis +   G - +1 mace (protect)
rCold   . . .      Faith    .   c - +0 buckler
rNeg    . . .      Spirit   +   m - +0 acid dragon scales
rPois   +          Reflect  .   k - +0 helmet
rElec   .          Harm     .   (no cloak)
rCorr   +          Rampage  .   q - +0 pair of gloves
Will    .....                   (no barding)
Stlth   ++........              h - amulet of guardian spirit
HPRegen 0.25/turn               D - ring "Ovyughal" {rPois rCorr MP+9 Int+4 Slay+3}
MPRegen 0.19/turn               (no ring)

@: about to teleport, heroic, under a protective aura, slowed, curled up, very
slow
A: large, rugged brown scales 3, see invisible, deformed body, roll 1, armoured
tail, reflexive curl
a: Rolling Charge, Renounce Religion, Heroism, Finesse, Duel


You were on level 9 of the Dungeon.
You worshipped Okawaru.
Okawaru was extremely pleased with you.
You visited 2 branches of the dungeon, and saw 10 of its levels.

You collected 356 gold pieces.
You spent 80 gold pieces at shops.

Inventory:

Hand Weapons
 a - a +0 flail
 b - a +0 trident of venom
 G - a +1 mace of protection (weapon)
Missiles
 H - 3 throwing nets {=f!f}
Armour
 c - a +0 buckler (worn)
 d - a +0 cloak
 k - a +0 helmet (worn)
 m - +0 acid dragon scales (worn)
 q - a +0 pair of gloves (worn)
Jewellery
 h - an amulet of guardian spirit (around neck)
 D - the ring "Ovyughal" (left hand) {rPois rCorr MP+9 Int+4 Slay+3}
   (You took it off an orc on level 6 of the Dungeon)

   [ring of poison resistance]

   Int:       It affects your intelligence (+4).
   Slay:      It affects your accuracy & damage with ranged weapons and melee
   (+3).
   rPois:     It protects you from poison.
   MP:        It affects your magic capacity (+9).
   rCorr:     It protects you from acid and corrosion.
Wands
 t - a wand of digging (5)
 u - a wand of mindburst (6)
 v - a wand of flame (24)
 w - a wand of acid (12)
 y - a wand of paralysis (3)
Scrolls
 e - a scroll of immolation {unknown}
 f - a scroll of enchant weapon {unknown}
 g - a scroll of amnesia {unknown}
 j - 2 scrolls of enchant armour {unknown}
 p - a scroll of torment {unknown}
 s - 2 scrolls of noise {unknown}
 x - 2 scrolls of magic mapping {unknown}
 C - a scroll of vulnerability {unknown}
 W - a scroll of holy word
Potions
 A - a potion of ambrosia
 E - 3 potions of cancellation
 F - 3 potions of curing
 I - a potion of invisibility
 J - 2 potions of heal wounds
 L - a potion of lignification {!q}
 N - 2 potions of might


   Skills:
 + Level 8.8(13.8) Fighting
 * Level 11.2(16.2) Maces & Flails
 - Level 6.0(11.0) Armour
 - Level 4.0(9.0) Shields
 - Level 6.0 Invocations
 * Level 4.1 Evocations


You had 10 spell levels left.
You didn't know any spells.
Your spell library contained the following spells:

 Spells                   Type           Power      Damage    Failure   Level
 Ensorcelled Hibernation  Hex/Ice        0%         N/A       47%         2
 Tukima's Dance           Hex            Unusable   N/A       N/A         3

Dungeon Overview and Level Annotations

Branches:
Dungeon (9/15)             Temple (1/1) D:4            Lair (0/6) D:8
    Orc: D:9-12

Altars:
Cheibriados
Dithmenos
Kikubaaqudgha
Nemelex Xobeh
Okawaru
Sif Muna
Uskayaw
Xom
Zin
The Shining One

Shops:
D:5 *!


Innate Abilities, Weirdness & Mutations

You are completely covered in rugged brown scales. (AC +3, +7% HP)
You have supernaturally acute eyesight. (SInv)
Armour fits poorly on your strangely shaped body.
You can roll at nearby foes to attack.
You have a long armoured tail.
You curl defensively after being hit. (AC +7*)


Message History

* * * LOW HITPOINT WARNING * * *
The freezing wraith hits you but does no damage.
The centaur unwields a +0 shortbow.
The centaur hits you.
* * * LOW HITPOINT WARNING * * *
The centaur kicks you but does no damage.
Items here: $ (( )))))))) [[[[[ ††††††.
You thump the centaur!
You tail-slap the centaur, but do no damage.
The centaur is severely wounded.
A centaur warrior comes into view.
The freezing wraith hits you but does no damage. x2
Your hands slow down.
The centaur wields a +0 shortbow.
The centaur shoots an arrow.
You block the arrow.
You see here a +4 great mace of protection.
You barely miss the freezing wraith.
The freezing wraith hits you but does no damage. x2
The centaur warrior shouts!
You thump the freezing wraith!
The freezing wraith is moderately damaged.
You hit the freezing wraith.
You tail-slap the freezing wraith, but do no damage.
The freezing wraith is moderately damaged.
A howler monkey comes into view.
The freezing wraith hits you.
* * * LOW HITPOINT WARNING * * *
The freezing wraith freezes you!!
* * * LOW HITPOINT WARNING * * *
The freezing wraith barely misses you.
As you read the scroll of teleportation, it crumbles to dust.
You feel strangely unstable.
The freezing wraith hits you but does no damage.
The freezing wraith hits you!
* * * LOW HITPOINT WARNING * * *
The freezing wraith drains your vigour!
You feel yourself slow down. The freezing wraith hits you.
* * * LOW HITPOINT WARNING * * *
The freezing wraith freezes you!!
You die...

..# #.# ##.. ..#
#...# .######.#
######.. ..# #...#
........ .......#..#
#...# [....... ....
##.. #### ##..#
........ ...
#?.#..... #...
######## #..
#...h.h.. #...
#..##cc?##### ##..
#..#W####...#### #..
#..@##.........###..
#........###........
#...)..### ##.......
######## ########


You could see a centaur warrior, a freezing wraith, a centaur and a howler
monkey.

Vanquished Creatures
  Harold (D:8)
  Erica (D:9)
  A two-headed ogre (D:9)
  An ugly thing (D:9)
  A cyclops (D:9)
  Maurice (D:9)
  Maggie (D:6)
  Sigmund (D:2)
  5 yaks (D:9)
  A wyvern (D:7)
  A steam dragon (D:6)
  A water moccasin (D:7)
  A hornet zombie (D:7)
  4 orc warriors
  A sky beast (D:8)
  3 black bears (D:8)
  2 necrophages
  2 ogres
  A phantom (D:6)
  4 centaurs
  A kobold brigand (D:9)
  5 scorpions
  A wyvern zombie (D:5)
  3 bullfrogs
  17 killer bees
  A wight (D:9)
  2 howler monkeys
  A centaur zombie (D:9)
  3 jellies
  8 orc priests
  A centaur skeleton (D:6)
  A gnoll shaman (D:5)
  A hound (D:5)
  Jessica (D:2)
  3 iguanas
  9 orc wizards
  A hound zombie (D:5)
  A hound skeleton (D:4)
  Robin (D:2)
  A howler monkey zombie (D:8)
  7 gnolls (D:5)
  A howler monkey skeleton (D:7)
  7 adders
  A shadow imp (D:8)
  An ufetubus (D:4)
  An adder skeleton (D:2)
  A worm (D:3)
  6 dart slugs
  26 orcs
  5 ball pythons
  7 endoplasms
  2 giant cockroaches
  14 goblins
  7 hobgoblins
  2 quokkas
  7 bats
  3 frilled lizards
  11 kobolds
  7 rats
212 creatures vanquished.

Vanquished Creatures (others)
  18 fungi (D:8)
  19 plants (D:8)
37 creatures vanquished.

Grand Total: 249 creatures vanquished

Notes
Turn   | Place    | Note
-------+----------+-------------------------------------------
     0 | D:1      | wakim the Palentonga Fighter began the quest for the Orb.
     0 | D:1      | Reached XP level 1. HP: 19/19 MP: 1/1
   317 | D:1      | Reached XP level 2. HP: 22/25 MP: 2/2
  1154 | D:1      | You fall into a shaft and drop 1 floor!
  1158 | D:2      | Noticed Jessica
  1164 | D:2      | Killed Jessica
  1165 | D:2      | Reached XP level 3. HP: 31/31 MP: 3/3
  1204 | D:2      | Reached skill level 3 in Maces & Flails
  1602 | D:1      | Found a faded altar of an unknown god.
  1649 | D:2      | You fall into a shaft and drop 1 floor!
  1755 | D:2      | Reached XP level 4. HP: 34/37 MP: 4/4
  1785 | D:2      | Noticed Sigmund
  2301 | D:2      | Noticed Robin
  2316 | D:2      | Killed Robin
  2603 | D:2      | Reached XP level 5. HP: 17/44 MP: 5/5
  2993 | D:2      | Killed Sigmund
  2994 | D:2      | Reached skill level 4 in Maces & Flails
  2994 | D:2      | Reached XP level 6. HP: 45/51 MP: 6/6
  3148 | D:3      | Found a snail-covered altar of Cheibriados.
  3153 | D:3      | Found an iron altar of Okawaru.
  3158 | D:3      | Found an ancient bone altar of Kikubaaqudgha.
  3159 | D:3      | Found a shimmering altar of Xom.
  3164 | D:3      | Found a shimmering blue altar of Sif Muna.
  3167 | D:3      | Found a sparkling altar of Nemelex Xobeh.
  3169 | D:3      | Found a hide-covered altar of Uskayaw.
  3173 | D:3      | Found a glowing silver altar of Zin.
  3196 | D:3      | Became a worshipper of Warmaster Okawaru
  4027 | D:4      | Found a staircase to the Ecumenical Temple.
  4037 | Temple   | Entered the Ecumenical Temple
  4689 | D:4      | Reached skill level 5 in Maces & Flails
  4689 | D:4      | Gained mutation: You curl defensively after being hit. (AC
                  | +7*) [Palentonga growth]
  4689 | D:4      | Reached XP level 7. HP: 52/58 MP: 7/7
  5195 | D:5      | Entered Level 5 of the Dungeon
  5550 | D:5      | Reached * piety under Okawaru
  5611 | D:5      | Reached skill level 5 in Fighting
  5634 | D:5      | Reached skill level 6 in Maces & Flails
  5781 | D:5      | Reached skill level 1 in Invocations
  5781 | D:5      | Reached XP level 8. HP: 36/66 MP: 8/8
  6248 | D:5      | Found Mituc's Distillery.
  6256 | D:5      | Bought a potion of curing for 30 gold pieces
  6256 | D:5      | Bought a potion of heal wounds for 50 gold pieces
  6421 | D:5      | Found Isat's Assorted Antiques.
  6736 | D:6      | Reached ** piety under Okawaru
  7352 | D:6      | Identified the ring "Ovyughal" {rPois rCorr MP+9 Int+4
                  | Slay+3}
  8030 | D:6      | Reached skill level 7 in Maces & Flails
  8124 | D:6      | Noticed Maggie
  8124 | D:6      | Paralysed by Maggie for 5 turns
  8150 | D:6      | Killed Maggie
  8358 | D:7      | Reached XP level 9. HP: 73/75 MP: 11/11
  8416 | D:7      | Reached skill level 5 in Armour
  8426 | D:7      | Reached *** piety under Okawaru
  8548 | D:7      | Reached skill level 8 in Maces & Flails
  9085 | D:8      | Noticed Harold
  9096 | D:8      | Killed Harold
  9096 | D:8      | Reached **** piety under Okawaru
  9212 | D:8      | Reached skill level 5 in Invocations
  9222 | D:7      | Reached skill level 9 in Maces & Flails
  9614 | D:8      | Reached XP level 10. HP: 84/84 MP: 13/13
 10208 | D:8      | Found a staircase to the Lair.
 10372 | D:9      | Noticed Maurice
 10381 | D:9      | Paralysed by Maurice for 2 turns
 10385 | D:9      | Killed Maurice
 10477 | D:9      | Reached skill level 10 in Maces & Flails
 10782 | D:9      | Reached ***** piety under Okawaru
 10798 | D:9      | Reached skill level 1 in Evocations
 11137 | D:9      | Noticed Erica
 11157 | D:9      | Killed Erica
 11266 | D:9      | Noticed a cyclops
 11290 | D:9      | Noticed a cyan ugly thing
 11297 | D:9      | Killed a cyclops
 11305 | D:9      | Noticed a two-headed ogre
 11312 | D:9      | Killed a cyan ugly thing
 11312 | D:9      | Received a gift from Okawaru
 11313 | D:9      | Reached skill level 11 in Maces & Flails
 11313 | D:9      | Reached XP level 11. HP: 73/93 MP: 15/15
 11333 | D:9      | Killed a two-headed ogre
 11335 | D:9      | Noticed a centaur warrior
 11341 | D:9      | Slain by a freezing wraith

Illustrated notes

Levels and vault maps discovered:
D:1:      elethiomel_arrival_shortcut, layout_basic,
          shapermc_ecumenical_altar_mp_vishouse, fountainhead
D:2:      layout_basic, serial_rivers, chequers_serial_rivers_micro_e,
          chequers_serial_rivers_marsh, chequers_serial_rivers_micro_a,
          chequers_serial_rivers_micro_b, uniq_robin, uniq_jessica, uniq_sigmund
D:3:      layout_loops_ring, nicolae_overflow_hallway_of_the_gods
D:4:      layout_loops_corners, minmay_temple_entry_proselytizer,
          grunt_decor_resistance, columned_hall_lemuel
D:5:      layout_loops_ring, serial_shops, nicolae_square_shop,
          nicolae_take_the_stairs
D:6:      layout_basic, minivault_25, uniq_maggie
D:7:      layout_basic, minmay_misc_feat_tiny
D:8:      layout_loops_ring, grunt_lair_entry_orc_guard_hut,
          chequers_serial_rivers_small_b, uniq_harold
D:9:      layout_small_grid, minivault_24, minmay_pinched_square, uniq_erica,
          uniq_maurice
Temple:   nicolae_temple_great_sept

Skill      XL: |  1  2  3  4  5  6  7  8  9 10 11 |
---------------+----------------------------------+-----
Maces & Flails | 3 4 5 6 7 9 11 | 11.2
Armour         | 3 4 5 6 |  6.0
Shields        | 3 4 |  4.0
Fighting       | 4 5 6 7 8 |  8.8
Invocations    | 1 3 5 6 |  6.0
Evocations     | 3 4 |  4.1

Action                   |  1- 3 |  4- 6 |  7- 9 | 10-12 || total
-------------------------+-------+-------+-------+-------++-------
Melee: Flail             |    74 |    18 |       |       ||    92
       Tailslap          |    12 |    25 |    45 |    46 ||   128
       Mace              |       |   211 |   316 |   271 ||   798
Invok: Heroism           |       |       |     2 |     2 ||     4
       Finesse           |       |       |       |     1 ||     1
 Abil: Rolling Charge    |       |     7 |    31 |    16 ||    54
Evoke: Wand              |       |       |     5 |       ||     5
  Use: Potion            |       |       |     2 |       ||     2
       Scroll            |       |       |       |    10 ||    10
Armor: Scale mail        |    39 |   120 |   132 |       ||   291
       Acid dragon scale |       |       |    72 |   151 ||   223
Dodge: Dodged            |    31 |    66 |    95 |    92 ||   284
Block: Buckler           |    11 |    50 |    70 |    51 ||   182

Table legend: (Time is in decaauts)
 A = Elapsed time spent in this place.
 B = Non-inter-level travel time spent in this place.
 C = Inter-level travel time spent in this place.
 D = Time resting spent in this place.
 E = Time spent auto-exploring this place.
 F = Levels seen in this place.
 G = Mean time per level.
                   A        B        C        D        E       F      G
               +--------+--------+--------+--------+--------+-----+--------+
         Total |  11375 |  11135 |    240 |   1305 |   8018 |  10 | 1137.5 |
       Dungeon |  11373 |  11133 |    240 |   1305 |   8018 |   9 | 1263.7 |
        Temple |      1 |      1 |      0 |      0 |      0 |   1 |    1.0 |
               +--------+--------+--------+--------+--------+-----+--------+

Top non-repeatable levels by time:
     D:1: 1681 daAuts
     D:6: 1621 daAuts
     D:5: 1411 daAuts
     D:2: 1409 daAuts
     D:4: 1253 daAuts
     D:8: 1239 daAuts
     D:3: 1004 daAuts
     D:9: 930 daAuts
     D:7: 824 daAuts
  Temple: 1 daAuts
